AoeStats
← Cabeceo_e

Arena

505172121Analyzed
1v1 RM · 23d ago on Sep 8, 2026· 54m 16s· 2 players
Game mode
Random Map
Map size
Tiny (2 player)
Population
200
Speed
Normal
Resources
Standard
Victory
Conquest
Starting age
Dark Age
Ending age
Imperial Age
RankedLock teamsTeams togetherTeam positionsShared explorationLock speedFull tech treeHidden civsTurbo modeCheats
Victory
Defeat
🇨🇳 Vikings · China
1175
+15
🇩🇰 Georgians · Denmark
1152
-15
Cabeceo_e
10:39 Feudal Age
12:15 Loom
14:48 Castle Age
14:06 Double-Bit Axe
15:59 Bloodlines
16:13 Bow Saw
15:47 Horse Collar
17:30 Light Cavalry
20:30 Bloodlines
22:22 Wheelbarrow
24:17 Heavy Plow
27:03 Hand Cart
27:11 Gold Mining
27:11 Stone Mining
29:33 Scale Barding Armor
29:47 Town Watch
29:57 Fletching
30:36 Husbandry
30:50 Bodkin Arrow
31:52 Redemption
32:49 Chain Barding Armor
33:01 Sanctity
33:16 Ballistics
33:01 Padded Archer Armor
34:11 Stone Shaft Mining
36:44 Imperial Age
34:40 Forging
35:20 Fervor
35:50 Svan Towers
36:38 Leather Archer Armor
38:29 Chemistry
37:52 Conscription
37:43 Aznauri Cavalry
38:11 Block Printing
38:32 Theocracy
38:33 Crop Rotation
38:36 Siege Engineers
38:51 Bracer
39:27 Plate Barding Armor
38:30 Cavalier
39:49 Parthian Tactics
40:07 Iron Casting
42:00 Hoardings
46:07 Blast Furnace
44:32 Hussar
46:33 Guard Tower
46:40 Murder Holes
46:36 Guard Tower
49:09 Elite Skirmisher
50:29 Scale Mail Armor
52:19 Chain Mail Armor
Echo
10:18 Feudal Age
14:42 Castle Age
12:37 Double-Bit Axe
12:59 Horse Collar
21:45 Bow Saw
25:54 Loom
25:54 Town Watch
26:52 Heavy Plow
30:28 Imperial Age
29:35 Stone Mining
29:37 Gold Mining
30:02 Squires
29:48 Arson
30:16 Forging
30:06 Scale Mail Armor
30:09 Man-at-Arms
30:13 Pikeman
30:46 Fletching
30:56 Padded Archer Armor
30:34 Capped Ram
32:38 Two-Man Saw
32:20 Crop Rotation
31:12 Long Swordsman
31:38 Gambesons
32:15 Conscription
31:57 Chieftains
32:02 Two-Handed Swordsman
33:47 Iron Casting
33:27 Chain Mail Armor
33:48 Iron Casting
33:29 Leather Archer Armor
33:18 Bodkin Arrow
33:41 Chain Mail Armor
33:08 Champion
33:24 Crossbowman
34:05 Arbalester
35:19 Bracer
35:49 Ring Archer Armor
36:26 Gold Shaft Mining
37:11 Chemistry
36:29 Town Patrol
38:02 Ballistics
38:18 Plate Mail Armor
38:49 Blast Furnace
37:19 Siege Ram
39:41 Siege Engineers
40:08 Elite Skirmisher
42:06 Bogsveigar
51:36 Sappers
Connection lost

Rejoining the realm…

Still unreachable

The connection could not be restored.

Session expired

The server has moved on; the page needs a fresh start.